 Dungeon Crawl Stone Soup version 0.28-a0-657-g71136c5590 (webtiles) character file.

Game seed: 12913404985309790520

212 BlueGoblin the Sneak (level 5, -2/26 HPs)
             Began as a Spriggan Brigand on Oct 13, 2021.
             Slain by Grinder (5 damage)
             ... while paralysed by Grinder
             ... on level 3 of the Dungeon.
             The game lasted 00:13:29 (7507 turns).

BlueGoblin the Sneak (Spriggan Brigand)             Turns: 7507, Time: 00:13:30

Health: -2/26      AC:  4    Str:  7    XL:     5   Next: 58%
Magic:  6/6        EV:  4    Int: 13    God:
Gold:   110        SH:  0    Dex: 17    Spells: 4/4 levels left

rFire   . . .      SeeInvis +   b - +2 dagger (holy)
rCold   . . .      Faith    .   (shield restricted)
rNeg    . . .      Spirit   .   e - +0 robe
rPois   .          Reflect  .   (helmet restricted)
rElec   .          Harm     .   c - +1 cloak
rCorr   .          Rampage  .   (gloves unavailable)
Will    .....                   (boots unavailable)
Stlth   ++++......              (no amulet)
HPRegen 0.08/turn               (no ring)
MPRegen 0.10/turn               (no ring)

@: paralysed, very quick
A: very small, no large weapons, unfitting armour, see invisible, speed 3
a: no special abilities


You were on level 3 of the Dungeon.
You visited 1 branch of the dungeon, and saw 3 of its levels.

You collected 110 gold pieces.

Inventory:

Hand Weapons
 a - a +2 dagger
 b - a +2 dagger of holy wrath (weapon)
Missiles
 f - 21 bolts
 j - 25 arrows
 k - a stone (quivered)
Armour
 c - a +1 cloak (worn)
 e - a +0 robe (worn)
Potions
 i - 3 potions of haste
 l - a potion of heal wounds
 n - a potion of degeneration {unknown}
 o - a potion of resistance {unknown}
 p - a potion of curing {unknown}


   Skills:
 + Level 2.3 Fighting
 + Level 3.7 Short Blades
 + Level 2.8 Throwing
 * Level 2.7 Dodging
 + Level 7.8 Stealth


You had 4 spell levels left.
You didn't know any spells.
Your spell library contained the following spells:

 Spells                   Type           Power      Damage    Failure   Level
 Frozen Ramparts          Ice            0%         1d2       67%         3
 Ice Form                 Ice/Tmut       0%         N/A       97%         4
 Summon Ice Beast         Ice/Summ       0%         N/A       97%         4


Dungeon Overview and Level Annotations

Branches:
Dungeon (3/15)

Altars:
Wu Jian

Annotations:
D:3 Grinder, Robin


Innate Abilities, Weirdness & Mutations

You are very small and have problems with some larger weapons.
You are too small for most types of armour.
You have supernaturally acute eyesight. (SInv)
You cover ground extremely quickly. (Speed+++)


Message History

You climb downwards.
Level annotation: Grinder, Robin
There is a stone staircase leading up here.
You hit Grinder but do no damage. You hit Grinder.
Grinder convulses.
Grinder is lightly wounded.
Grinder gestures at you. You resist with some effort.
You hit Grinder but do no damage.
Grinder is lightly wounded.
Grinder gestures at you. You resist with significant effort.
You hit Grinder.
Grinder convulses.
Grinder is lightly wounded.
Grinder says, "My boss said I was rubbish.
His entrails said otherwise."
Grinder completely misses you.
You hit Grinder.
Grinder convulses.
Grinder is lightly wounded.
Grinder hits you but does no damage.
You hit Grinder.
Grinder convulses.
Grinder is moderately wounded.
You hit Grinder but do no damage.
Grinder is moderately wounded.
Grinder misses you.
You hit Grinder.
Grinder convulses.
Grinder is moderately wounded.
Grinder closely misses you.
You hit Grinder but do no damage.
Grinder is moderately wounded.
Grinder gestures at you.
You suddenly lose the ability to move!
Grinder hits you.
You writhe in agony.
Grinder hits you but does no damage. Grinder gestures at you.
You shrug off the repeated paralysis!
Grinder hits you. Grinder hits you!
* * * LOW HITPOINT WARNING * * *
You writhe in agony.
You die...

#.## #..#..#.#.#.# #.# ...#
#..#..#.#.#.# #.# #..##
#..#..#.....# #.# #...#
#..#..###.#########.#
#.#.###..#..............#.#
#.#5.##..#.(....#######.#.#
#.##.##.............# #.#.#
#.##..#.######..(##.###.#.#
#........[.(...5@.<.....#.#
#####.#.#################.#
.# #...# #.[o....o.......#
.# ##..# #.###############
.# #..# #.# .# #..# #.# .#
#(.# #.# .# ##.[###'######
#####............#


You could see Grinder.

Vanquished Creatures
  An orc priest (D:2)
  Natasha (twice) (D:2)
  2 orc wizards (D:3)
  A worm (D:2)
  2 dart slugs
  6 orcs (D:3)
  5 ball pythons
  2 bats (D:1)
  10 endoplasms
  4 giant cockroaches (D:2)
  7 goblins
  5 hobgoblins
  5 jackals
  A quokka (D:2)
  A frilled lizard (D:1)
  9 kobolds
  5 rats
68 creatures vanquished.

Notes
Turn   | Place    | Note
-------+----------+-------------------------------------------
     0 | D:1      | BlueGoblin the Spriggan Brigand began the quest for the
                  | Orb.
     0 | D:1      | Reached XP level 1. HP: 10/10 MP: 2/2
    12 | D:1      | Reached skill level 6 in Stealth
   296 | D:1      | Reached XP level 2. HP: 7/15 MP: 3/3
  1656 | D:2      | Noticed Natasha
  1661 | D:2      | Killed Natasha
  1662 | D:2      | Reached skill level 7 in Stealth
  1662 | D:2      | Reached XP level 3. HP: 18/18 MP: 4/4
  2001 | D:2      | Noticed Natasha
  2342 | D:2      | Reached XP level 4. HP: 23/23 MP: 5/5
  4108 | D:2      | Killed Natasha
  4441 | D:3      | Found an ornate altar of the Wu Jian Council.
  5077 | D:3      | Reached XP level 5. HP: 26/26 MP: 6/6
  5686 | D:3      | Noticed Grinder
  6940 | D:3      | Noticed Robin
  7502 | D:3      | Paralysed by Grinder for 6 turns
  7507 | D:3      | Slain by Grinder

Illustrated notes

Levels and vault maps discovered:
D:1:      onia_arrival_handbag, layout_loops_corners
D:2:      layout_basic, uniq_natasha
D:3:      layout_basic, pdpol_wu_jian_five_deadly_venoms, due_unseen_surprise,
          uniq_robin, uniq_grinder

Skill      XL: |  1  2  3  4 |
---------------+-------------+-----
Stealth        | 6 7 |  7.8
Fighting       | 2 |  2.3
Short Blades   | 3 |  3.7
Dodging        | 2 |  2.7
Throwing       | |  2.8

Action                   |  1- 3 |  4- 6 || total
-------------------------+-------+-------++-------
Melee: Dagger            |     8 |    60 ||    68
       Short sword       |    78 |    77 ||   155
Throw: Dart              |    12 |    22 ||    34
       Stone             |       |     1 ||     1
  Use: Scroll            |     3 |     3 ||     6
 Stab: Sleeping          |    15 |     4 ||    19
Armor: Robe              |     8 |    14 ||    22
Dodge: Dodged            |    54 |   105 ||   159

Table legend: (Time is in decaauts)
 A = Elapsed time spent in this place.
 B = Non-inter-level travel time spent in this place.
 C = Inter-level travel time spent in this place.
 D = Time resting spent in this place.
 E = Time spent auto-exploring this place.
 F = Levels seen in this place.
 G = Mean time per level.
                   A        B        C        D        E       F      G
               +--------+--------+--------+--------+--------+-----+--------+
         Total |   6045 |   6027 |     18 |   3012 |   2073 |   3 | 2015.0 |
       Dungeon |   6045 |   6027 |     18 |   3012 |   2073 |   3 | 2015.0 |
               +--------+--------+--------+--------+--------+-----+--------+

Top non-repeatable levels by time:
     D:1: 2432 daAuts
     D:2: 2411 daAuts
     D:3: 1202 daAuts
